AoeStats
← Ferchito

Black Forest

503327400Analyzed
4v4 RM · 1mo ago on Aug 31, 2026· 6m 4s· 8 players
Game mode
Random Map
Map size
Large (8 player)
Population
200
Speed
Normal
Resources
Standard
Victory
Conquest
Starting age
Dark Age
Ending age
Imperial Age
RankedLock teamsTeams togetherTeam positionsShared explorationLock speedFull tech treeHidden civsTurbo modeCheats
Victory
Defeat
🇨🇴 Berbers · Colombia
816
+9
🇺🇸 Goths · United States
754
+12
🇨🇱 Persians · Chile
732
+13
🇨🇴 Franks · Colombia
682
+15
🇺🇸 Persians · United States
714
-15
🇨🇷 Bohemians · Costa Rica
653
-12
🇺🇸 Spanish · United States
634
-11
🇺🇸 Bohemians · United States
633
-11
WavyRackz
0:29 Loom
ZaddyStacks
1:25 Loom
Ferchito
PapaSnackz
Friedeggplant
0:33 Loom
REYJAGUAR4660
0:39 Loom
2:08 Loom
2:13 Loom
estebassguitar
0:31 Loom
Fenixx
0:44 Loom
Connection lost

Rejoining the realm…

Still unreachable

The connection could not be restored.

Session expired

The server has moved on; the page needs a fresh start.